 Dungeon Crawl Stone Soup version 0.17-a0-1650-gce8475a (webtiles) character file.

33 kae the Firebug (level 3, 0/19 HPs)
             Began as a Tengu Fire Elementalist on Aug 13, 2015.
             Succumbed to a kobold's poison
             ... on level 2 of the Dungeon.
             The game lasted 00:00:59 (1072 turns).

kae the Firebug (Tengu Fire Elementalist)           Turns: 1072, Time: 00:00:59

Health: 0/19       AC:  2    Str:  8    XL:     3   Next: 29%
Magic:  1/7        EV: 12    Int: 16    God:
Gold:   68         SH:  0    Dex: 14    Spells: 1 memorised, 5 levels left

rFire  + . .     SeeInvis .     e - +0 short sword
rCold  + . .     Clarity  .     a - +0 robe
rNeg   . . .     SustAt   .     (no shield)
rPois  +         Gourm    .     (helmet restricted)
rElec  +         Spirit   .     (no cloak)
rCorr  +         Warding  .     (no gloves)
rMut   .         Stasis   .     (boots unavailable)
MR     .....                    (no amulet)
Stlth  ++........               (no ring)
                                (no ring)

@: lethally poisoned (0 -> -12), resistant, not resistant to hostile
enchantments, unstealthy
A: beak, talons 3
a: no special abilities


You were on level 2 of the Dungeon.
You were hungry.

You visited 1 branch of the dungeon, and saw 2 of its levels.

You collected 68 gold pieces.

Inventory:

Hand weapons
 e - a +0 short sword (weapon)
 l - a +0 trident
Armour
 a - a +0 robe (worn)
Scrolls
 g - a scroll of magic mapping {unknown}
 h - 2 scrolls of teleportation {unknown}
 i - 2 scrolls of identify {unknown}
Books
 b - a book of Flames

   Spells                             Type                      Level
   a - Flame Tongue                   Conjuration/Fire             1
   b - Throw Flame                    Conjuration/Fire             2
   c - Conjure Flame                  Conjuration/Fire             3
   d - Inner Flame                    Hexes/Fire                   3
   e - Sticky Flame                   Conjuration/Fire             4
   f - Fireball                       Conjuration/Fire             5
Comestibles
 c - a bread ration
 d - a slice of pizza
 j - a beef jerky


   Skills:
 - Level 2.1 Dodging
 - Level 2.0 Stealth
 + Level 2.2 Spellcasting
 * Level 2.6 Conjurations
 * Level 4.0 Fire Magic


You had 5 spell levels left.
You knew the following spells:

 Your Spells              Type           Power        Failure   Level  Hunger
a - Flame Tongue          Conj/Fire      ##...        8%          1    #......


Dungeon Overview and Level Annotations

Branches:
Dungeon (2/15)

Altars:


Innate Abilities, Weirdness & Mutations

You have a beak for a mouth.
You have claws for feet.


Message History

You are more poisoned.
Casting: Flame Tongue
Confirm with . or Enter, or press ? or * to list all spells.
Aiming: Flame Tongue
Press: ? - help, Shift-Dir - straight line, f/p - worm
Aim: a worm (severely wounded)
The flame tongue hits the kobold.
You kill the kobold!
* * * LOW HITPOINT WARNING * * *
You feel sick.
Drink which item? (? for menu, Esc to quit)
It was a potion of cancellation.
Your magical contamination has completely faded away.
You feel magically purged.
* * * LOW HITPOINT WARNING * * *
You feel sick.
Drink which item? (? for menu, Esc to quit)
It was a potion of resistance.
You feel protected.
You die...

###.## #.##.# #..... #.##.#
... .....##.##.###...#
#.........K....# #....##..###
.. ###........# .#
#....##..#.# .#
#.##.##..#<##.# ..
#.##....w@.#### ##
#.###.#.##.#.. #.# #.#.##.#.#
#.###.#.##.#.#######
####.##....#..........#
#.................###.#######
#.###.#...##.##.#......[.....
# #.##.###.##.#####.######.
#.##.# #.##.# #.# #.


You could see a worm.

Vanquished Creatures
  An adder (D:2)
  2 bats
  2 giant cockroaches (D:1)
  4 goblins
  A hobgoblin (D:1)
  3 kobolds
  3 giant geckos
  2 giant newts
  3 rats
21 creatures vanquished.

Notes
Turn   | Place    | Note
--------------------------------------------------------------
     0 | D:1      | kae the Tengu Fire Elementalist began the quest for the Orb.
     0 | D:1      | Reached XP level 1. HP: 10/10 MP: 4/4
     2 | D:1      | Noticed a felid
     2 | D:1      | Noticed a ghoul
     4 | D:1      | Noticed a vampire
     4 | D:1      | Noticed a centaur
     6 | D:1      | Noticed a demonspawn
     6 | D:1      | Noticed a tengu
     8 | D:1      | Noticed a minotaur
    10 | D:1      | Noticed a gargoyle
    12 | D:1      | Noticed a dwarf
    14 | D:1      | Noticed a spriggan
    14 | D:1      | Noticed a merfolk
    16 | D:1      | Noticed a formicid
    18 | D:1      | Noticed a troll
    20 | D:1      | Noticed an ogre
    20 | D:1      | Noticed an elf
    22 | D:1      | Noticed a naga
    22 | D:1      | Noticed an octopode
    24 | D:1      | Noticed a demigod
    24 | D:1      | Noticed a human
    26 | D:1      | Noticed a vine stalker
    26 | D:1      | Noticed a draconian
   329 | D:1      | Reached XP level 2. HP: 15/15 MP: 1/6
   720 | D:2      | Reached skill level 4 in Fire Magic
   720 | D:2      | Reached XP level 3. HP: 13/19 MP: 2/7
  1072 | D:2      | Succumbed to a kobold's poison

Vault maps used:
D:1:      kb_arrival_jail, minivault_4
D:2:      tgw_kikubaaqudgha

Action                   || total
-------------------------++-------
Melee: Short sword       ||    10
 Cast: Flame Tongue      ||    31
  Use: Potion            ||     2
 Stab: Sleeping          ||     3
